APP
BURLINGTON ROYALS @ PRINCETON RAYS
07/27/2044
 
TOP OF THE 1ST
Burlington Royals batting - Pitching for Princeton Rays : LHP Chris Bates
Pitching: LHP Chris Bates
Batting: RHB Tim Persson 0-0: Called Strike
0-1: Called Strike
0-2: Strikes out swinging
Batting: LHB Ernesto Abreu 0-0: Ball
1-0: Called Strike
1-1: Ball
2-1: Swinging Strike
2-2: Foul Ball, location: 2F
2-2: SINGLE (Flyball, 3D, EV 92.5 MPH)
Batting: SHB Manny Berrones 0-0: Ball
1-0: Ball
2-0: Ball
3-0: Called Strike
3-1: SINGLE (Groundball, 4MD, EV 97.5 MPH)
Ernesto Abreu to second
Runner from 2nd tries for 3rd, SAFE, throw by CF made to third
Batting: SHB Danny Ballenger 0-0: Called Strike
0-1: Ball
1-1: Ground out 5-3 (Groundball, 56S, EV 64.4 MPH)
Ernesto Abreu scores
Manny Berrones to second
Batting: LHB Bobby Gonzalez 0-0: Foul Ball, location: 2F
0-1: Called Strike
0-2: Foul Ball, location: 2F
0-2: Strikes out looking
Top of the 1st over - 1 run, 2 hits, 0 errors, 1 left on base; Burlington 1 - Princeton 0
BOTTOM OF THE 1ST
Princeton Rays batting - Pitching for Burlington Royals : RHP Matthew Orphan
Pitching: RHP Matthew Orphan
Batting: RHB Chris Thorson 0-0: Called Strike
0-1: Ball
1-1: Called Strike
1-2: Strikes out swinging
Batting: RHB Dan Marks 0-0: Ball
1-0: Fly out, F7 (Flyball, 7LS, EV 88.8 MPH)
Batting: LHB Rocky Crowley 0-0: Ball
1-0: Swinging Strike
1-1: Called Strike
1-2: Strikes out swinging
Bottom of the 1st over - 0 runs, 0 hits, 0 errors, 0 left on base; Burlington 1 - Princeton 0
TOP OF THE 2ND
Burlington Royals batting - Pitching for Princeton Rays : LHP Chris Bates
Batting: RHB Rob Ward 0-0: Called Strike
0-1: Ground out 5-3 (Groundball, 56, EV 101.2 MPH)
Batting: SHB Marcos Cortez 0-0: Fly out, F8 (Flyball, 8RD, EV 92.5 MPH)
Batting: RHB Shane Bruce 0-0: Called Strike
0-1: Ball
1-1: Ball
2-1: Foul Ball, location: 2F
2-2: Ball
3-2: Strikes out swinging
Top of the 2nd over - 0 runs, 0 hits, 0 errors, 0 left on base; Burlington 1 - Princeton 0
BOTTOM OF THE 2ND
Princeton Rays batting - Pitching for Burlington Royals : RHP Matthew Orphan
Batting: RHB Wil Urban 0-0: Ball
1-0: Swinging Strike
1-1: Called Strike
1-2: Strikes out swinging
Batting: LHB Josh Redfern 0-0: Foul Ball, location: 2F
0-1: Ball
1-1: Foul Ball, location: 2F
1-2: Ball
2-2: Ground out 5-3 (Groundball, 5L, EV 104.4 MPH)
Batting: SHB Lou Kroneman 0-0: Ground out 6-3 (Groundball, 6, EV 86.2 MPH)
Bottom of the 2nd over - 0 runs, 0 hits, 0 errors, 0 left on base; Burlington 1 - Princeton 0
TOP OF THE 3RD
Burlington Royals batting - Pitching for Princeton Rays : LHP Chris Bates
Batting: RHB Steve Ryals 0-0: Called Strike
0-1: Foul Ball, location: 2F
0-2: Strikes out looking
Batting: RHB Tim Persson 0-0: Ball
1-0: Swinging Strike
1-1: Reached on error, E9 (Flyball, 9LM, EV 85.6 MPH)
Batting: LHB Ernesto Abreu 0-0: Called Strike
0-1: Ball
Wild Pitch!
Tim Persson to second
1-1: Ground out 5-3 (Groundball, 56, EV 105.6 MPH)
Batting: SHB Manny Berrones 0-0: Ball
1-0: Swinging Strike
1-1: Called Strike
1-2: Fly out, F9 (Flyball, 9S, EV 76.9 MPH)
Top of the 3rd over - 0 runs, 0 hits, 1 error, 1 left on base; Burlington 1 - Princeton 0
BOTTOM OF THE 3RD
Princeton Rays batting - Pitching for Burlington Royals : RHP Matthew Orphan
Batting: SHB Wayne Hattan 0-0: Foul Ball, location: 2F
0-1: Ball
1-1: SINGLE (Groundball, 6, EV 95.0 MPH)
Batting: RHB Jim Erdody 0-0: Called Strike
0-1: Foul Ball, location: 2F
0-2: Ball
1-2: Foul Ball, location: 2F
1-2: Ball
2-2: Ground out 6-3 (Groundball, P, EV 86.2 MPH)
Wayne Hattan to second
Batting: RHB Bazyli Andrysiak 0-0: Called Strike
0-1: Swinging Strike
0-2: SINGLE (Line Drive, 9S, EV 95.0 MPH)
Wayne Hattan to third
Batting: RHB Chris Thorson 0-0: Ball
1-0: Ball
2-0: Called Strike
2-1: Swinging Strike
2-2: Foul Ball, location: 2F
2-2: Grounds into double play, 3-6-3 (Groundball, 34S, EV 80.6 MPH)
Bottom of the 3rd over - 0 runs, 2 hits, 0 errors, 1 left on base; Burlington 1 - Princeton 0
TOP OF THE 4TH
Burlington Royals batting - Pitching for Princeton Rays : LHP Chris Bates
Batting: SHB Danny Ballenger 0-0: Ball
1-0: Called Strike
1-1: Hit by Pitch
Batting: LHB Bobby Gonzalez 0-0: Ball
1-0: Ball
2-0: Ball
3-0: Base on Balls
Danny Ballenger to second
Batting: RHB Rob Ward 0-0: Ball
1-0: Foul Ball, location: 2F
1-1: Foul Ball, location: 2F
1-2: Ball
2-2: Foul Ball, location: 2F
2-2: Ball
3-2: Strikes out looking
Batting: SHB Marcos Cortez 0-0: Ball
1-0: Ball
2-0: Called Strike
2-1: Foul Ball, location: 2F
2-2: Strikes out looking
Batting: RHB Shane Bruce 0-0: Ball
1-0: Swinging Strike
1-1: Ball
2-1: Foul Ball, location: 2F
2-2: Strikes out looking
Top of the 4th over - 0 runs, 0 hits, 0 errors, 2 left on base; Burlington 1 - Princeton 0
BOTTOM OF THE 4TH
Princeton Rays batting - Pitching for Burlington Royals : RHP Matthew Orphan
Batting: RHB Dan Marks 0-0: Foul Ball, location: 2F
0-1: Fly out, F5 (Line Drive, 5, EV 76.2 MPH)
Batting: LHB Rocky Crowley 0-0: Foul Ball, location: 2F
0-1: Foul Ball, location: 2F
0-2: Ground out U3 (Groundball, 3L, EV 86.2 MPH)
Batting: RHB Wil Urban 0-0: Called Strike
0-1: Ball
1-1: Ball
2-1: Foul Ball, location: 2F
2-2: Foul Ball, location: 2F
2-2: Ball
3-2: Fly out, F7 (Flyball, 78M, EV 80.6 MPH)
Bottom of the 4th over - 0 runs, 0 hits, 0 errors, 0 left on base; Burlington 1 - Princeton 0
TOP OF THE 5TH
Burlington Royals batting - Pitching for Princeton Rays : LHP Chris Bates
Batting: RHB Steve Ryals 0-0: Called Strike
0-1: Foul Ball, location: 2F
0-2: Foul Ball, location: 2F
0-2: Strikes out swinging
Batting: RHB Tim Persson 0-0: Ball
1-0: Fly out, F7 (Flyball, 7D, EV 98.8 MPH)
Batting: LHB Ernesto Abreu 0-0: Called Strike
0-1: Foul Ball, location: 2F
0-2: Ball
1-2: Strikes out swinging
Top of the 5th over - 0 runs, 0 hits, 0 errors, 0 left on base; Burlington 1 - Princeton 0
BOTTOM OF THE 5TH
Princeton Rays batting - Pitching for Burlington Royals : RHP Matthew Orphan
Batting: LHB Josh Redfern 0-0: Called Strike
0-1: Fly out, F8 (Flyball, 89D, EV 93.1 MPH)
Batting: SHB Lou Kroneman 0-0: Ball
1-0: Ball
2-0: Foul Ball, location: 2F
2-1: Ball
3-1: Ground out U3 (Groundball, 3, EV 81.2 MPH)
Batting: SHB Wayne Hattan 0-0: Swinging Strike
0-1: Foul Ball, location: 2F
0-2: Strikes out swinging
Bottom of the 5th over - 0 runs, 0 hits, 0 errors, 0 left on base; Burlington 1 - Princeton 0
TOP OF THE 6TH
Burlington Royals batting - Pitching for Princeton Rays : LHP Chris Bates
Pitching: RHP John Morgan
Batting: SHB Manny Berrones 0-0: SINGLE (Line Drive, 34D, EV 98.1 MPH)
Batting: SHB Danny Ballenger 0-0: Reached on error, E6 (Groundball, 6M, EV 101.9 MPH)
Manny Berrones to second
Batting: LHB Bobby Gonzalez 0-0: Ball
1-0: Foul Ball, location: 2F
1-1: Fielders Choice at 2nd, 4-6 (Groundball, 34D, EV 98.1 MPH)
Manny Berrones to third
Batting: RHB Rob Ward 0-0: Ball
1-0: Ball
2-0: Called Strike
2-1: Swinging Strike
2-2: Strikes out swinging
Batting: SHB Marcos Cortez 0-0: Called Strike
0-1: Fly out, F1 (Line Drive, P, EV 75.6 MPH)
Top of the 6th over - 0 runs, 1 hit, 1 error, 2 left on base; Burlington 1 - Princeton 0
BOTTOM OF THE 6TH
Princeton Rays batting - Pitching for Burlington Royals : RHP Matthew Orphan
Pinch Hitting: LHB Zach Rose 0-0: Called Strike
0-1: SOLO HOME RUN (Flyball, 9D, EV 101.9 MPH), Distance : 382 ft
Batting: RHB Bazyli Andrysiak 0-0: SINGLE (Line Drive, 3D, EV 100.0 MPH)
Batting: RHB Chris Thorson 0-0: Called Strike
0-1: Ball
1-1: Ball
Wild Pitch!
Bazyli Andrysiak to second
2-1: Foul Ball, location: 2F
2-2: Ball
3-2: SINGLE (Groundball, 56D, EV 98.8 MPH)
Bazyli Andrysiak to third
Runner from 3rd tries for Home, throw by LF and OUT! 7-2
Chris Thorson to second
Batting: RHB Dan Marks 0-0: Ball
1-0: Called Strike
1-1: Ball
2-1: SINGLE (Line Drive, 8LS, EV 98.8 MPH)
Chris Thorson to third
Runner from 3rd tries for Home, SAFE, throw by CF to home
Batting: LHB Rocky Crowley 0-0: Ball
1-0: Fielders Choice at 2nd, 6-4 (Groundball, 6, EV 106.9 MPH)
Batting: RHB Wil Urban 0-0: 2-RUN HOME RUN (Flyball, 78XD, EV 100.6 MPH), Distance : 397 ft
Batting: LHB Josh Redfern 0-0: Foul Ball, location: 2F
0-1: Ball
1-1: Ball
2-1: SOLO HOME RUN (Flyball, 78XD, EV 99.4 MPH), Distance : 407 ft
Pitching: RHP Philip Terrell
Batting: SHB Lou Kroneman 0-0: Swinging Strike
0-1: Ground out 4-3 (Groundball, 4D, EV 105.6 MPH)
Bottom of the 6th over - 5 runs, 6 hits, 0 errors, 0 left on base; Burlington 1 - Princeton 5
TOP OF THE 7TH
Burlington Royals batting - Pitching for Princeton Rays : RHP John Morgan
Pitching: LHP Parker Martinet
Now at 3B: Zach Rose
Batting: RHB Shane Bruce 0-0: Ball
1-0: Swinging Strike
1-1: Ball
2-1: Foul Ball, location: 2F
2-2: Foul Ball, location: 2F
2-2: Foul Ball, location: 2F
2-2: Strikes out swinging
Batting: RHB Steve Ryals 0-0: Swinging Strike
0-1: Ball
1-1: Called Strike
1-2: SINGLE (Groundball, P, EV 81.2 MPH) (infield hit)
Batting: RHB Tim Persson 0-0: Called Strike
0-1: Ball
1-1: Swinging Strike
1-2: Strikes out swinging
Batting: LHB Ernesto Abreu 0-0: Called Strike
0-1: Ball
1-1: Fielders Choice at 2nd, 6-4 (Groundball, 6, EV 88.1 MPH)
Top of the 7th over - 0 runs, 1 hit, 0 errors, 1 left on base; Burlington 1 - Princeton 5
BOTTOM OF THE 7TH
Princeton Rays batting - Pitching for Burlington Royals : RHP Philip Terrell
Batting: SHB Wayne Hattan 0-0: Ball
1-0: Ball
2-0: Foul Ball, location: 2F
2-1: Foul Ball, location: 2F
2-2: Fly out, F4 (Line Drive, 4, EV 71.2 MPH)
Batting: LHB Zach Rose 0-0: Ball
1-0: Swinging Strike
1-1: Foul Ball, location: 2F
1-2: Foul Ball, location: 2F
1-2: Foul Ball, location: 2F
1-2: Ball
2-2: Ball
3-2: Ground out 4-3 (Groundball, 4, EV 88.1 MPH)
Batting: RHB Bazyli Andrysiak 0-0: Ground out 4-3 (Groundball, 4, EV 106.9 MPH)
Bottom of the 7th over - 0 runs, 0 hits, 0 errors, 0 left on base; Burlington 1 - Princeton 5
TOP OF THE 8TH
Burlington Royals batting - Pitching for Princeton Rays : LHP Parker Martinet
Pitching: RHP Tim Inman
Batting: SHB Manny Berrones 0-0: Ground out 4-3 (Groundball, 4D, EV 100.6 MPH)
Batting: SHB Danny Ballenger 0-0: Ball
1-0: Called Strike
1-1: Ground out 1-3 (Groundball, P, EV 64.4 MPH)
Batting: LHB Bobby Gonzalez 0-0: Ball
1-0: Called Strike
1-1: Ground out 2-3 (Groundball, 13S, EV 76.2 MPH)
Top of the 8th over - 0 runs, 0 hits, 0 errors, 0 left on base; Burlington 1 - Princeton 5
BOTTOM OF THE 8TH
Princeton Rays batting - Pitching for Burlington Royals : RHP Philip Terrell
Pitching: RHP Travis Stump
Batting: RHB Chris Thorson 0-0: Ball
1-0: Swinging Strike
1-1: Ball
2-1: Swinging Strike
2-2: Strikes out swinging
Batting: RHB Dan Marks 0-0: Called Strike
0-1: Reached on error, E6 (Groundball, 56, EV 85.6 MPH)
Batting: LHB Rocky Crowley 0-0: Ball
1-0: Ball
2-0: Called Strike
2-1: Ball
3-1: Base on Balls
Dan Marks to second
Batting: RHB Wil Urban 0-0: Foul Ball, location: 2F
0-1: Ball
1-1: Reached on error, E6 (Groundball, 6, EV 106.9 MPH)
Dan Marks to third
Rocky Crowley to second
Batting: LHB Josh Redfern 0-0: Foul Ball, location: 2F
0-1: Fly out, F7 (Line Drive, 7D, EV 91.9 MPH)
Runner from 3rd tags up, OUT at HOME! 7-2
Bottom of the 8th over - 0 runs, 0 hits, 2 errors, 2 left on base; Burlington 1 - Princeton 5
TOP OF THE 9TH
Burlington Royals batting - Pitching for Princeton Rays : RHP Tim Inman
Pitching: RHP Cody Wilharm
Batting: RHB Rob Ward 0-0: Ground out 6-3 (Groundball, 56, EV 85.0 MPH)
Batting: SHB Marcos Cortez 0-0: Called Strike
0-1: Ball
1-1: Ball
2-1: Foul Ball, location: 2F
2-2: Strikes out swinging
Batting: RHB Shane Bruce 0-0: Called Strike
0-1: Ball
1-1: Swinging Strike
1-2: Ball
2-2: Foul Ball, location: 2F
2-2: Strikes out swinging
Top of the 9th over - 0 runs, 0 hits, 0 errors, 0 left on base; Burlington 1 - Princeton 5
Thursday, March 31st , 2022 - OOTP Baseball 22.12 Build 89